 Dungeon Crawl Stone Soup version 0.31.0-11-ge490571c62 (webtiles) character file.

Game seed: 14457027014265382923

225 qw the Shooter (level 5, -1/25 HPs)
             Began as a Spriggan Hunter on Feb 3, 2024.
             Slain by a ball python (2 damage)
             ... on level 3 of the Dungeon.
             The game lasted 00:00:36 (1917 turns).

qw the Shooter (Spriggan Hunter)                    Turns: 1917, Time: 00:00:37

Health: -1/25      AC:  2    Str:  7    XL:     5   Next: 68%
Magic:  0/6        EV: 16    Int: 11    God:
Gold:   155        SH:  0    Dex: 20    Spells: 4/4 levels left

rFire   . . .        a - +2 shortbow
rCold   . . .        (shield currently unavailable)
rNeg    . . .        c - +0 robe
rPois   .            (helmet restricted)
rElec   .            (no cloak)
rCorr   .            (gloves unavailable)
SInv    +            (boots unavailable)
Will    .....        j - amulet of guardian spirit
Stlth   ++           (no ring)
HPRegen 0.24/turn    (no ring)
MPRegen 0.10/turn

%: guardian spirit
@: constricted, very quick
A: very small, no large weapons, unfitting armour, see invisible, speed 3
a: no special abilities


You were on level 3 of the Dungeon.
You visited 1 branch of the dungeon, and saw 3 of its levels.

You collected 155 gold pieces.


Innate Abilities, Weirdness & Mutations

You are very small and have problems with some larger weapons.
You are too small for most types of armour.
You have supernaturally acute eyesight. (SInv)
You cover ground extremely quickly. (Speed+++)


   Skills:
 - Level 1.5 Fighting
 - Level 6.4 Ranged Weapons
 + Level 4.4 Dodging
 - Level 1.5 Stealth


You had 4 spell levels left.
You didn't know any spells.
Your spell library was empty.

Inventory:

Hand Weapons
 a - a +2 shortbow (weapon)
Armour
 c - a +0 robe (worn)
Jewellery
 j - an amulet of guardian spirit (around neck)
Scrolls
 d - a scroll of noise {unknown}
Potions
 b - 2 potions of might {unknown}

Dungeon Overview and Level Annotations

Branches:
Dungeon (3/15)

Altars:

Annotations:
D:3 Robin


Message History

You shoot an arrow. The arrow hits the goblin!
You kill the goblin!
The goblin hits you with a +0 club.
The endoplasm hits you but does no damage.
The goblin closely misses you.
You shoot an arrow. The arrow hits the endoplasm.
You kill the endoplasm!
A ribbon worm comes into view.
The goblin hits you with a +0 club. The hobgoblin completely misses you.
The goblin barely misses you.
You shoot an arrow. The arrow hits the goblin.
You kill the goblin!
A ball python comes into view.
The ball python completely misses you. The ball python grabs you.
The ball python constricts you. The endoplasm completely misses you.
The goblin barely misses you. The goblin closely misses you.
The hobgoblin completely misses you.
You shoot an arrow.
The arrow barely misses the ball python.
The ball python hisses angrily.
The ball python misses you. The ball python constricts you.
The goblin closely misses you. x2; The endoplasm barely misses you.
The hobgoblin misses you.
You shoot an arrow.
The arrow barely misses the ball python.
The arrow hits the goblin!
You kill the goblin!
The goblin no longer looks unusually strong.
The ball python misses you. The ball python constricts you.
The goblin closely misses you. The hobgoblin closely misses you.
The endoplasm freezes you.
You are frozen.
The goblin barely misses you. The ball python bites you.
The ball python constricts you.
You shoot an arrow.
The arrow closely misses the ball python.
The goblin no longer looks unusually strong.
The goblin hits you with a +0 club. The goblin closely misses you.
The endoplasm misses you. The hobgoblin barely misses you.
The ball python bites you.
You die...

..#........# ...####
#.##.###.#.#
#......####.##.#.....#
#............[.#..%..#
............###....##
........S.....<..##
#.........%....#
#...)....%...#.#
#.g@g......#.#.#
##JSg...##...#.#
#.gw).#.....###.#
#)##....#..>.< .w.
..##....#.. ...
#..#####.# .# .). #...
.# ... ###.


You could see a ribbon worm, Robin, a dart slug, an endoplasm, a hobgoblin
(strong), 2 goblins and 2 ball pythons.

Vanquished Creatures
  Sigmund (D:3)
  A dart slug (D:1)
  4 ball pythons
  4 endoplasms
  3 giant cockroaches
  9 goblins
  4 hobgoblins
  10 jackals
  3 kobolds
  3 quokkas
  3 bats
  2 frilled lizards
  3 rats
50 creatures vanquished.

Notes
Turn   | Place    | Note
-------+----------+-------------------------------------------
     0 | D:1      | qw the Spriggan Hunter began the quest for the Orb.
     0 | D:1      | Reached XP level 1. HP: 10/10 MP: 2/2
     0 | D:1      | 0 ||| qw: Version: 0.3-a-155-g5e7d8dd
     0 | D:1      | 0 ||| qw: Game counter: 3340
     0 | D:1      | 0 ||| qw: Melee chars always use a shield: true
     0 | D:1      | 0 ||| qw: God list: Okawaru
     0 | D:1      | 0 ||| qw: Allow faded altars: false
     0 | D:1      | 0 ||| qw: Do Orc after clearing Dungeon:15 true
     0 | D:1      | 0 ||| qw: Do second Lair branch before Depths: true
     0 | D:1      | 0 ||| qw: Lair rune preference: random
     0 | D:1      | 0 ||| qw: Goals: Normal
     0 | D:1      | 0 ||| PLANNING D:1-11
    34 | D:1      | Reached skill level 3 in Dodging
   181 | D:1      | Reached XP level 2. HP: 14/14 MP: 3/3
   949 | D:1      | 949 ||| UPGRADING to amulet of guardian spirit.
   954 | D:1      | 954 ||| READING scroll labelled YDUTZOROQE.
   955 | D:1      | 955 ||| READING 2 scrolls labelled NOETZO BOOXTUCS.
   955 | D:1      | 955 ||| ENCHANTING +0 shortbow.
   956 | D:1      | 956 ||| READING scroll of enchant weapon.
   956 | D:1      | 956 ||| ENCHANTING +1 shortbow.
   957 | D:1      | 957 ||| READING 2 scrolls labelled EHYZ DAPHEERGH.
   957 | D:1      | 957 ||| IDENTIFYING murky blue potion
   958 | D:1      | 958 ||| READING scroll of identify.
   958 | D:1      | 958 ||| IDENTIFYING scroll labelled SAILI NOPUN
   959 | D:1      | 959 ||| READING scroll labelled DION ARUGOENEEV.
   960 | D:1      | 960 ||| DROPPING scroll of butterflies.
   961 | D:1      | 961 ||| DROPPING potion of brilliance.
   962 | D:1      | 962 ||| DROPPING scroll of fear.
  1112 | D:2      | Reached XP level 3. HP: 18/18 MP: 4/4
  1501 | D:3      | Noticed Sigmund
  1505 | D:3      | 1505 ||| STAIRDANCE
  1507 | D:3      | 1507 ||| STAIRDANCE
  1509 | D:3      | 1509 ||| STAIRDANCE
  1560 | D:3      | 1560 ||| STAIRDANCE
  1587 | D:3      | 1587 ||| STAIRDANCE
  1589 | D:2      | 1589 ||| DRINKING fizzy yellow potion.
  1596 | D:3      | 1596 ||| STAIRDANCE
  1598 | D:3      | 1598 ||| STAIRDANCE
  1600 | D:3      | 1600 ||| STAIRDANCE
  1643 | D:3      | 1643 ||| STAIRDANCE
  1651 | D:3      | 1651 ||| STAIRDANCE
  1680 | D:3      | 1680 ||| STAIRDANCE
  1710 | D:3      | 1710 ||| STAIRDANCE
  1727 | D:3      | 1727 ||| STAIRDANCE
  1757 | D:3      | Killed Sigmund
  1758 | D:3      | Reached skill level 6 in Ranged Weapons
  1758 | D:3      | Reached XP level 4. HP: 22/22 MP: 5/5
  1758 | D:3      | Reached XP level 5. HP: 25/25 MP: 6/6
  1904 | D:3      | Noticed Robin
  1916 | D:3      | HP: 5/25 [frozen (3)]
  1917 | D:3      | HP: 1/25 [goblin/+0 club[Robin] (2)]
  1917 | D:3      | Slain by a ball python

Levels and vault maps discovered:
D:1:      amcnicky_arrival_wind_blow, layout_basic, minmay_misc_feat_roman,
          chequers_serial_rivers_room_b, minmay_pentomino_q4
D:2:      layout_loops_ring
D:3:      layout_basic, uniq_robin, uniq_sigmund

Skill      XL: |  1  2  3 |
---------------+----------+-----
Dodging        | 3 4 |  4.4
Ranged Weapons | 6 |  6.4
Fighting       | |  1.5
Stealth        | |  1.5

Action                     |  1- 3 |  4- 6 || total
---------------------------+-------+-------++-------
   Fire: Shortbow          |    92 |    36 ||   128
    Use: Scroll            |     6 |       ||     6
         Potion            |     1 |       ||     1
 Armour: Robe              |    21 |    14 ||    35
  Dodge: Dodged            |    42 |    39 ||    81

Table legend:
 A = Non-vault XP
 B = Vault XP
 C = Vault XP percentage of total XP
 D = Non-vault monster count
 E = Vault monster count
 F = Vault count percentage of total count
                 A         B        C        D         E       F
            +---------+---------+-------+---------+---------+-------
      Total |      74 |     248 |  77.0 |      40 |      10 |  20.0
            +---------+---------+-------+---------+---------+-------
        D:1 |      29 |       5 |  14.7 |      16 |       2 |  11.1
        D:2 |      24 |       0 |   0.0 |      13 |       0 |   0.0
        D:3 |      21 |     243 |  92.0 |      11 |       8 |  42.1
            +---------+---------+-------+---------+---------+-------
